 Dungeon Crawl Stone Soup version 0.23-a0-207-g93a313e (webtiles) character file.

75 galech the Skirmisher (level 4, -2/35 HPs)
             Began as a Demonspawn Fighter on Sept 24, 2018.
             Slain by a leopard gecko (3 damage)
             ... on level 3 of the Dungeon.
             The game lasted 00:02:05 (2651 turns).

galech the Skirmisher (Demonspawn Fighter)          Turns: 2651, Time: 00:02:06

Health: -2/35      AC:  9    Str: 16    XL:     4   Next: 11%
Magic:  4/4        EV:  4    Int: 10    God:
Gold:   127        SH:  9    Dex: 13    Spells: 3/3 levels left

rFire    . . .     SeeInvis .   a - +0 war axe
rCold    . . .     Gourm    .   c - +0 shield
rNeg     . . .     Faith    .   e - +0 chain mail
rPois    .         Spirit   .   (no helmet)
rElec    .         Reflect  .   (no cloak)
rCorr    .         Harm     .   (no gloves)
MR       .....                  (no boots)
Stlth    ..........             (no amulet)
HPRegen  0.11/turn              (no ring)
MPRegen  0.09/turn              (no ring)

@: no status effects
A: demonic guardian 1, powered by pain 1
a: no special abilities


You were on level 3 of the Dungeon.
You were not hungry.

You visited 1 branch of the dungeon, and saw 3 of its levels.

You collected 127 gold pieces.

Inventory:

Hand Weapons
 a - a +0 war axe (weapon)
Armour
 c - a +0 shield (worn)
 e - a +0 chain mail (worn)
Scrolls
 g - 2 scrolls of remove curse {unknown}
 i - 3 scrolls of identify {unknown}
 k - a scroll of random uselessness {unknown}
 m - a scroll of amnesia {unknown}
Potions
 b - a potion of degeneration {unknown}
 d - a potion of might
 h - 2 potions of flight {unknown}
 j - a potion of curing {unknown}
 n - a potion of berserk rage {unknown}
 o - a potion of cancellation {unknown}
Comestibles
 f - 8 rations
 l - a chunk of flesh


   Skills:
 + Level 3.3 Fighting
 + Level 2.7 Axes
 + Level 3.1 Armour
 + Level 0.2 Dodging
 + Level 3.2 Shields


You had 3 spell levels left.
You didn't know any spells.
Your spell library was empty.

Dungeon Overview and Level Annotations

Branches:
Dungeon (3/15)

Altars:
Gozag
Uskayaw
The Shining One


Innate Abilities, Weirdness & Mutations

A weak demonic guardian rushes to your aid.
You sometimes gain a little power by taking damage.


Message History

You convulse.
* * * LOW HITPOINT WARNING * * *
You block the leopard gecko's attack. The goblin hits you but does no damage.
You hit the leopard gecko.
The leopard gecko is heavily wounded.
You closely miss the goblin. The leopard gecko bites you.
* * * LOW HITPOINT WARNING * * *
You block the goblin's attack.
Your shield prevents you from hitting the leopard gecko.
The leopard gecko is heavily wounded.
You closely miss the goblin.
The leopard gecko bites you but does no damage.
The goblin hits you but does no damage.
The leopard gecko bites you but does no damage.
Your shield and chain mail prevent you from hitting the leopard gecko.
The leopard gecko is heavily wounded.
You closely miss the goblin. You block the goblin's attack.
You block the leopard gecko's attack. The goblin hits you but does no damage.
The leopard gecko bites you.
You die...

### ... ≈≈## .... ≈≈≈#
.... ≈≈##
#..#########≈≈#
#..........#≈≈##
#.....g)...(...#
#....@†((..'...#
#.....l†.(('...#
#..........#≈≈.#
#..#########≈≈.# #..
#..≈≈≈#.# #. '..≈≈≈#.#
#### #..≈≈##.#######
#...#####..≈≈..........
#......g...≈≈##########


You could see a leopard gecko and a goblin.

Vanquished Creatures
  2 adders
  3 dart slugs
  2 leopard geckos (D:1)
  2 orcs (D:3)
  2 giant cockroaches
  7 hobgoblins
  3 jackals (D:3)
  5 kobolds (D:1)
  A quokka (D:3)
  A ball python (D:2)
  5 bats
  A frilled lizard (D:1)
  7 goblins
  5 rats
46 creatures vanquished.

Notes
Turn   | Place    | Note
-------+----------+-------------------------------------------
     0 | D:1      | galech the Demonspawn Fighter began the quest for the Orb.
     0 | D:1      | Reached XP level 1. HP: 18/18 MP: 1/1
   316 | D:1      | Gained mutation: A weak demonic guardian rushes to your
                  | aid. [demonic ancestry]
   316 | D:1      | Reached XP level 2. HP: 24/24 MP: 2/2
   953 | D:2      | Reached XP level 3. HP: 27/29 MP: 3/3
  1232 | D:2      | Found a hide-covered altar of Uskayaw.
  2542 | D:3      | Found an opulent altar of Gozag.
  2583 | D:3      | Found a glowing golden altar of the Shining One.
  2641 | D:3      | Gained mutation: You sometimes gain a little power by
                  | taking damage. [demonic ancestry]
  2641 | D:3      | Reached XP level 4. HP: 21/35 MP: 4/4
  2649 | D:3      | HP: 1/35 [leopard gecko (1)]
  2651 | D:3      | Slain by a leopard gecko

Vault maps used:
D:1:      eino_arrival_cavern_d
D:2:      overflow_temple_1_default
D:3:      kennysheep_goblin_castle, lemuel_coloured_pillars_altar,
          grunt_gozag_breadcrumbs, first_ration

Skill      XL: |  1  2 |
---------------+-------+-----
Axes           | 2 |  2.7
Armour         | 3 |  3.1
Shields        | 3 |  3.2
Fighting       | |  3.3
Dodging        | |  0.2

Action                   |  1- 3 |  4- 6 || total
-------------------------+-------+-------++-------
Melee: War axe           |   149 |     8 ||   157
  Eat: Chunk             |     6 |       ||     6
Armor: Chain mail        |   111 |    13 ||   124
Dodge: Dodged            |    25 |     3 ||    28
Block: Shield            |    83 |    12 ||    95

Table legend:
 A = Non-vault XP
 B = Vault XP
 C = Vault XP percentage of total XP
 D = Non-vault monster count
 E = Vault monster count
 F = Vault count percentage of total count
                 A         B        C        D         E       F
            +---------+---------+-------+---------+---------+-------
      Total |      96 |      12 |  11.1 |      40 |       6 |  13.0
            +---------+---------+-------+---------+---------+-------
        D:1 |      35 |       0 |   0.0 |      18 |       0 |   0.0
        D:2 |      27 |       0 |   0.0 |       9 |       0 |   0.0
        D:3 |      34 |      12 |  26.1 |      13 |       6 |  31.6
            +---------+---------+-------+---------+---------+-------
